Match 41355659
Unlisted

Match 41355659
End
Construct Section Command Post
Vickers Machine Gun Team
Infantry Section
Selects Canadian Shock Battlegroup
Infantry Section
ML 3-inch Mortar Team
Selects Incendiary Munitions
Selects Attacking Spirit
Selects Canadian Shock Section
Grenade Package
Canadian Shock Section
Construct Platoon Command Post
Selects Incendiary Munitions
6-pounder Anti-tank Gun Team
Team Weapon Training
Unlock Bishop Self-propelled Artillery
Bishop Self-propelled Artillery
Selects Pyrotechnics
CMP 15cwt Truck
6-pounder Anti-tank Gun Team
Selects Churchill Crocodile Heavy Tank
Construct Company Command Post
Churchill Crocodile Heavy Tank
j3rkface
+UnWD+ LT. M
ProjectGemini07
JR1
0
0

Comments sign in to comment!

No comments posted yet!